 Dungeon Crawl Stone Soup version 0.22.0-60-ga52c2fc (console) character file.

163 bli the Skirmisher (level 5, -1/42 HPs)
             Began as a Formicid Abyssal Knight on Sept 9, 2018.
             Was a Follower of Lugonu.
             Slain by Grinder (6 damage)
             ... on level 3 of the Dungeon.
             The game lasted 00:08:05 (2785 turns).

bli the Skirmisher (Formicid Abyssal Knight)        Turns: 2785, Time: 00:08:06

Health: -1/42      AC:  3    Str: 17    XL:     5   Next: 72%
Magic:  6/6        EV: 11    Int: 11    God:    Lugonu [*.....]
Gold:   105        SH:  0    Dex: 11    Spells: 4/4 levels left

rFire    . . .     SeeInvis +   j - +0 dagger (holy)
rCold    . . .     Gourm    .   (no shield)
rNeg     . . .     Faith    .   k - +0 leather armour
rPois    .         Spirit   .   (helmet unavailable)
rElec    .         Reflect  .   (no cloak)
rCorr    .         Harm     .   (no gloves)
MR       .....                  (no boots)
Stlth    ++........             (no amulet)
HPRegen  0.14/turn              n - ring of teleportation (curse)
MPRegen  0.10/turn              (no ring)

@: no status effects
A: permanent stasis, dig shafts and tunnels, four strong arms, antennae 3
a: Dig, Shaft Self, Depart the Abyss, Renounce Religion


You were on level 3 of the Dungeon.
You worshipped Lugonu.
Lugonu was aware of your devotion.
You were not hungry.

You visited 1 branch of the dungeon, and saw 3 of its levels.
You visited the Abyss 1 time.

You collected 105 gold pieces.

Inventory:

Hand Weapons
 a - a +1 short sword
 j - a +0 dagger of holy wrath (weapon)
 q - a +1 dire flail of protection
 s - a +1 spear of piercing
 v - a +0 falchion
Armour
 k - a +0 leather armour (worn)
Jewellery
 n - a cursed ring of teleportation (left hand)
Scrolls
 b - 2 scrolls of enchant armour {unknown}
 f - 2 scrolls of identify {unknown}
 i - a scroll of fear {unknown}
 l - a scroll of remove curse {unknown}
 t - a scroll of magic mapping {unknown}
Potions
 d - a potion of berserk rage {unknown}
 e - a potion of haste {unknown}
 g - 2 potions of flight {unknown}
 h - a potion of brilliance {unknown}
 m - a potion of resistance {unknown}
 o - a potion of mutation {unknown}
 p - 2 potions of heal wounds {unknown}
 r - a potion of agility {unknown}
Comestibles
 c - 6 rations
 u - 3 chunks of flesh


   Skills:
 + Level 4.1 Fighting
 * Level 3.9 Short Blades
 + Level 2.9 Armour
 + Level 1.5 Dodging
 * Level 1.9 Stealth
 + Level 2.2 Invocations


You had 4 spell levels left.
You didn't know any spells.
Your spell library was empty.

Dungeon Overview and Level Annotations

Branches:
Dungeon (3/15)

Altars:
Hepliaklqana
Nemelex Xobeh

Annotations:
D:3 Grinder


Innate Abilities, Weirdness & Mutations

You cannot be hasted, slowed, berserked, paralysed or teleported.
You can dig through walls and to a lower floor.
Your four strong arms can wield two-handed weapons with a shield.
You have a pair of large antennae on your head. (SInv)


Message History

You hit the giant cockroach but do no damage.
The giant cockroach is moderately wounded.
The giant cockroach bites you.
* * * LOW HITPOINT WARNING * * *
You hit the giant cockroach but do no damage.
The giant cockroach is moderately wounded.
The giant cockroach bites you.
* * * LOW HITPOINT WARNING * * *
You hit the giant cockroach but do no damage.
The giant cockroach is moderately wounded.
The giant cockroach closely misses you.
You barely miss Grinder.
Grinder is moderately wounded.
The giant cockroach misses you.
You closely miss Grinder.
Grinder is moderately wounded.
Grinder hits you.
* * * LOW HITPOINT WARNING * * *
You writhe in agony.
You die...

..###....(.###........# #.....#
....................#.#####.....#
.....###.........%..............#
...........##..........##..>....#
<..######...#..........####.....#
...### #..#..........## #.....#
...... .#..#...........♣ ♣.....#
...>..# .....###.......#####..###
..###.# ##.....)#.##.....# ...
..# .# ##...#s#5.#.#...# .#.# .##
. ### #.@...♣#.._# .#
...........###### .# ...........♣
... ####....###.# .### #......
... .# #..#.#.# ...# .# #.##.#..
#.. { .# #. #..#.


You could see Grinder and a giant cockroach.

Vanquished Creatures
  Jessica (D:3)
  4 gnolls
  4 adders
  An ooze (D:2)
  3 dart slugs
  2 leopard geckos (D:3)
  An orc (D:3)
  3 ball pythons
  3 giant cockroaches
  7 goblins
  3 hobgoblins
  3 jackals (D:1)
  5 kobolds
  4 bats
  4 frilled lizards
  6 rats
54 creatures vanquished.

Notes
Turn   | Place    | Note
-------+----------+-------------------------------------------
     0 | Abyss:1  | bli the Formicid Abyssal Knight began the quest for the
                  | Orb.
     0 | Abyss:1  | Reached XP level 1. HP: 18/18 MP: 2/2
    61 | Abyss:1  | Noticed a sun demon
    74 | Abyss:1  | Noticed a flying skull
    75 | Abyss:1  | Noticed a starcursed mass
    77 | D:1      | Escaped the Abyss
   278 | D:1      | Reached XP level 2. HP: 7/25 MP: 3/3
   582 | D:1      | Reached * piety under Lugonu
   582 | D:1      | Reached XP level 3. HP: 16/30 MP: 4/4
   664 | D:1      | Reached skill level 1 in Dodging
   893 | D:1      | Reached skill level 1 in Stealth
  1176 | D:2      | Found a faded altar of an unknown god.
  1274 | D:2      | Reached XP level 4. HP: 17/37 MP: 5/5
  1608 | D:2      | Reached skill level 4 in Fighting
  1822 | D:2      | Found a sparkling altar of Nemelex Xobeh.
  2182 | D:2      | Reached XP level 5. HP: 22/42 MP: 6/6
  2734 | D:3      | Found a hazy altar of Hepliaklqana.
  2750 | D:3      | Noticed Jessica
  2750 | D:3      | Noticed Grinder
  2759 | D:3      | Killed Jessica
  2785 | D:3      | Slain by Grinder

Skill      XL: |  1  2  3  4 |
---------------+-------------+-----
Dodging        | 1 |  1.5
Stealth        | 1 |  1.9
Short Blades   | 3 |  3.9
Fighting       | 4 |  4.1
Armour         | |  2.9
Invocations    | |  2.2

Action                   |  1- 3 |  4- 6 || total
-------------------------+-------+-------++-------
Melee: Short sword       |    65 |   104 ||   169
       Dagger            |    73 |    18 ||    91
Invok: Depart the Abyss  |     1 |       ||     1
 Abil: Dig               |       |     1 ||     1
 Stab: Sleeping          |       |     1 ||     1
  Eat: Chunk             |     1 |     5 ||     6
Armor: Leather armour    |    28 |    17 ||    45
Dodge: Dodged            |    62 |    53 ||   115
